Map: Ice and Chrome LE

Players

Denver

  • Race: Zerg Zerg
  • Spawn Location: 7:00

soO - Winner!

  • Race: Zerg Zerg
  • Spawn Location: 1:00

Event: StayAtHomestory Cup #2

VOD

Have the link to the VOD?

Description

Time

  • Played on: June 11, 2020, 5:26 a.m.
  • Length: 6:39

All games in this series

Show
View Real Time Build Order
Export as new Build Order

Denver Zerg 

Build Orders: Hatch First 

Get SALT Encoding   

  12  0:01  Drone  
  13  0:13  Overlord  
  13  0:18  Drone  
  14  0:31  Drone x2  
  16  0:47  Hatchery  
  15  0:51  Drone  
  15  0:55  Drone  
  17  0:59  Drone  
  18  1:08  Extractor  
  17  1:14  Spawning Pool  
  17  1:17  Drone  
  17  1:20  Drone  
  18  1:29  Drone  
  19  1:39  Drone  
  20  1:50  Drone  
  21  2:01  Queen x2, Overlord  
  21  2:02  Zergling x2  
  26  2:09  Metabolic Boost  
  26  2:11  Drone  
  26  2:12  Drone  
  28  2:22  Drone, Zergling x2  
  30  2:35  Hatchery  
  30  2:36  Drone  
  30  2:40  Drone  
  30  2:42  Drone  
  32  2:50  Baneling Nest  
  31  2:51  Overlord  
  31  2:55  Drone  
  31  2:56  Drone  
  32  3:04  Overlord  
  32  3:06  Drone  
  32  3:10  Zergling x6  
  37  3:12  Zergling x2  
  37  3:16  Zergling x2  
  37  3:18  Drone  
  37  3:19  Drone  
  40  3:25  Zergling x2  
  41  3:28  Zergling x2  
  41  3:33  Queen  
  44  3:34  Evolution Chamber  
  44  3:35  Drone  
  44  3:40  Baneling  
  44  3:41  Baneling  
  44  3:44  Drone x3  
  47  3:48  Drone x2  
  47  3:51  Drone x2  
  50  3:57  Lair  
  50  3:58  Baneling  
  50  4:00  Drone  
  50  4:02  Drone  
  52  4:05  Drone  
  53  4:10  Drone  
  53  4:11  Overlord  
  53  4:16  Baneling x2  
  53  4:19  Drone  
  53  4:20  Extractor  
  53  4:21  Extractor  
  52  4:25  Drone x5  
  52  4:29  Drone  
  52  4:31  Drone x5  
  59  4:35  Extractor  
  59  4:37  Drone x2  
  62  4:40  Overlord  
  62  4:46  Drone x2  
  62  4:52  Drone  
  65  4:54  Overlord, Roach Warren  
  65  4:57  Overlord  
  65  4:58  Drone x2  
  65  5:02  Baneling  
  65  5:03  Overlord, Baneling  
  65  5:11  Spire  
  64  5:21  Zergling x20  
  61  5:25  Zergling x4  
  71  5:35  Roach x3  
  74  5:40  Roach x4  
  80  5:45  Roach  
  80  5:46  Roach  
  83  5:50  Overlord  
  83  5:51  Roach  
  86  5:57  Roach x2  
  85  6:05  Roach x3  
  85  6:10  Roach x3  
  87  6:14  Zergling x2  
  87  6:15  Zergling x2  
  87  6:16  Zergling x2  
  85  6:22  Zergling x8  
Show
View Real Time Build Order
Export as new Build Order

soO Zerg - Winner!

Build Orders: Hatch First 

Get SALT Encoding   

  12  0:01  Drone  
  13  0:12  Overlord  
  13  0:17  Drone  
  14  0:30  Drone  
  14  0:31  Drone  
  16  0:47  Hatchery  
  15  0:51  Drone  
  15  0:54  Drone  
  17  0:58  Drone  
  18  1:08  Extractor  
  17  1:13  Spawning Pool  
  17  1:16  Drone  
  17  1:20  Drone  
  18  1:28  Drone  
  19  1:43  Drone  
  20  1:50  Overlord  
  20  1:59  Queen  
  20  2:00  Queen, Drone  
  25  2:01  Zergling x2  
  26  2:10  Drone x2  
  26  2:12  Metabolic Boost  
  28  2:21  Drone  
  29  2:25  Drone  
  30  2:33  Hatchery  
  29  2:39  Queen  
  31  2:45  Overlord  
  31  2:48  Drone  
  32  2:55  Baneling Nest  
  32  2:57  Drone  
  32  2:58  Drone  
  33  3:00  Drone  
  33  3:02  Drone  
  33  3:05  Drone  
  36  3:08  Drone  
  36  3:12  Zergling x4  
  39  3:14  Zergling x2  
  39  3:17  Zergling x2  
  41  3:21  Overlord  
  41  3:27  Zergling x2  
  41  3:29  Overlord  
  42  3:36  Drone x2  
  42  3:38  Baneling x2  
  44  3:42  Drone  
  44  3:43  Drone x2  
  44  3:45  Evolution Chamber, Drone  
  44  3:46  Drone  
  44  3:47  Drone  
  49  3:50  Drone  
  49  3:52  Drone  
  51  3:56  Drone  
  51  4:01  Drone  
  51  4:02  Roach Warren  
  52  4:03  Zergling x2  
  52  4:09  Drone  
  53  4:19  Drone x2  
  53  4:20  Zergling x2  
  56  4:30  Zergling x6  
  57  4:32  Extractor, Baneling x2  
  57  4:33  Extractor  
  57  4:34  Overlord  
  57  4:36  Drone x2  
  57  4:37  Overlord  
  57  4:44  Overlord  
  57  4:50  Overlord  
  57  4:57  Roach x7  
  57  4:59  Roach  
  73  5:02  Roach x3  
  73  5:04  Roach  
  73  5:05  Roach  
  83  5:09  Roach x2  
  85  5:23  Roach x4  
  85  5:24  Zergling x2  
  85  5:25  Zergling x2  
  94  5:32  Zergling x10  
  95  5:43  Zergling x6  
  95  5:48  Overlord x2  
  97  5:50  Zergling x2  
  97  5:51  Baneling x4  
  97  6:02  Zergling x2  
  97  6:03  Zergling x6  
  96  6:05  Zergling x2  
  96  6:07  Zergling x4  
  96  6:10  Ravager x2  
  98  6:16  Zergling x2  
  98  6:17  Roach  
  98  6:18  Roach x2  
  97  6:19  Roach  
Tags
 
Add a new tag
Caveats
  • Supply blocks, unpowered buildings, or Contaminate may cause inaccurate times.
  • Supply counts are checked every 10 seconds.